 Dungeon Crawl Stone Soup version 0.28-a0-1142-gc8569940dd (webtiles) character file.

Game seed: 4988090330980864554

53041 GenialerGandalf the Severer (level 14, -8/133 HPs)
             Began as a Hill Orc Fighter on Dec 12, 2021.
             Was a High Priest of Beogh.
             Mangled by a six-headed hydra (19 damage)
             ... on level 15 of the Dungeon on Dec 13, 2021.
             The game lasted 03:51:40 (42357 turns).

GenialerGandalf the Severer (Hill Orc Fighter)     Turns: 42357, Time: 03:51:40

Health: -8/133     AC: 24    Str: 32    XL:     14   Next: 66%
Magic:  16/16      EV:  8    Int: 11    God:    Beogh [*****.]
Gold:   681        SH:  0    Dex: 13    Spells: 13/13 levels left

rFire   + . .      SeeInvis .   y - +10 quarterstaff "GenialerGandalf's Death" {chaos, +Blink Str+2}
rCold   + . .      Faith    .   (shield currently unavailable)
rNeg    + . .      Spirit   .   L - +2 plate armour {rC+}
rPois   .          Reflect  .   p - +2 helmet
rElec   +          Harm     .   (no cloak)
rCorr   +          Rampage  .   (no gloves)
Will    +....                   Q - +1 pair of boots "Uxad" {Dex+3}
Stlth   ..........              B - macabre finger necklace {rN+}
HPRegen 0.32/turn               E - ring "Fydiravi" {rElec rCorr Int+3}
MPRegen 0.15/turn               T - +6 ring of strength
                                C - ring of protection from fire

@: studying Bows
A: walk on water
a: Renounce Religion, Evoke Blink, Smiting, Recall Orcish Followers, Give Item
to Named Follower


You were on level 15 of the Dungeon.
You worshipped Beogh.
Beogh was extremely pleased with you.
You visited 3 branches of the dungeon, and saw 22 of its levels.
You also visited: Sewer and Bailey.

You collected 2239 gold pieces.
You spent 1558 gold pieces at shops.

Inventory:

Hand Weapons
 d - the +7 hand axe of the Unspeakable One {drain, rElec rF- Int+3}
   (You found it on level 9 of the Dungeon)

   A truly terrible weapon, it drains the life of any living foe it strikes.
   Int:       It affects your intelligence (+3).
   rF:        It makes you vulnerable to fire.
   rElec:     It insulates you from electricity.
 y - the +10 quarterstaff "GenialerGandalf's Death" (weapon) {chaos, +Blink Str+2}
   (You bought it in a shop on level 1 of the Dungeon)

   Each time it hits an enemy it has a different, random effect.
   Str:       It affects your strength (+2).
   +Blink:    It lets you blink.
 W - the +6 hand crossbow of Ynlohij {vorpal, rC- rN+ Str+3 Int+2}
   (You took it off an orc warrior on level 12 of the Dungeon)

   Any ammunition fired from it inflicts extra damage upon your enemies.
   Str:       It affects your strength (+3).
   Int:       It affects your intelligence (+2).
   rC:        It makes you vulnerable to cold.
   rN:        It protects you from negative energy.
 X - a +4 morningstar
Missiles
 A - 4 throwing nets (quivered)
Armour
 o - the +0 kite shield of the Hidden Vale {rC- Str+8 Int+2}
   (You took it off a gnoll on level 7 of the Dungeon)

   Str:       It affects your strength (+8).
   Int:       It affects your intelligence (+2).
   rC:        It makes you vulnerable to cold.
 p - a +2 helmet (worn)
 L - a +2 plate armour of cold resistance (worn)
 Q - the +1 pair of boots "Uxad" (worn) {Dex+3}
   (You bought it in a shop on level 7 of the Dungeon)

   Dex:       It affects your dexterity (+3).
Jewellery
 a - a +4 ring of protection
 f - an amulet of the acrobat
 s - a ring of willpower
 B - the macabre finger necklace (around neck) {rN+}
   (You found it on level 6 of the Lair of Beasts)

   [amulet of nothing]

   It enables you to equip an extra ring.
   rN:        It protects you from negative energy.
 C - a ring of protection from fire (on amulet)
 D - a ring of flight
 E - the ring "Fydiravi" (left hand) {rElec rCorr Int+3}
   (You found it in a bailey)

   [ring of resist corrosion]

   Int:       It affects your intelligence (+3).
   rElec:     It insulates you from electricity.
   rCorr:     It protects you from acid and corrosion.
 T - a +6 ring of strength (right hand)
Wands
 h - a wand of flame (77)
 F - a wand of acid (17)
 G - a wand of paralysis (1)
 V - a wand of mindburst (13)
 Z - a wand of charming (6)
Scrolls
 c - a scroll of brand weapon
 g - 3 scrolls of teleportation
 j - a scroll of immolation
 l - 6 scrolls of vulnerability
 m - a scroll of torment
 n - 2 scrolls of summoning
 u - 2 scrolls of enchant armour
 v - 4 scrolls of silence
 w - 6 scrolls of magic mapping
 z - a scroll of holy word
 H - 2 scrolls of fog
 M - 2 scrolls of fear
 O - a scroll of blinking
 P - 4 scrolls of identify
 U - 2 scrolls of amnesia
Potions
 b - a potion of cancellation
 e - 3 potions of brilliance
 i - 2 potions of attraction
 k - 6 potions of curing
 q - a potion of haste
 r - 2 potions of ambrosia
 t - 2 potions of magic
 x - a potion of resistance
 I - 2 potions of mutation
 R - 3 potions of lignification
 S - 5 potions of heal wounds
Miscellaneous
 K - a piece from Xom's chessboard (15/15)
 N - a condenser vane
 Y - a piece from Xom's chessboard (15/15)


   Skills:
 * Level 14.5 Fighting
 - Level 0.7 Long Blades
 - Level 18.1(19.0) Axes
 - Level 8.0(12.7) Maces & Flails
 + Level 13.5 Armour
 * Level 11.7 Shields
 - Level 0.2 Spellcasting
 * Level 3.5 Invocations


You had 13 spell levels left.
You didn't know any spells.
Your spell library contained the following spells:

 Spells                   Type           Power      Damage    Failure   Level
 Magic Dart               Conj           0%         1d3       88%         1
 Sandblast                Erth           0%         2d4       88%         1
 Shock                    Conj/Air       0%         1d3       88%         1
 Blink                    Tloc           0%         N/A       96%         2
 Ensorcelled Hibernation  Hex/Ice        0%         N/A       96%         2
 Passwall                 Tmut/Erth      0%         N/A       96%         2
 Searing Ray              Conj           0%         2d4       96%         2
 Wereblood                Tmut           0%         N/A       96%         2
 Gell's Gravitas          Tloc           0%         N/A       99%         3
 Lesser Beckoning         Tloc           0%         N/A       99%         3
 Spider Form              Tmut/Pois      0%         N/A       99%         3
 Stone Arrow              Conj/Erth      0%         3d7       99%         3
 Swiftness                Air            0%         N/A       99%         3
 Teleport Other           Tloc           0%         N/A       99%         3
 Tukima's Dance           Hex            0%         N/A       99%         3
 Airstrike                Air            0%         N/A       100%        4
 Fulminant Prism          Conj/Hex       0%         3d6       100%        4
 Petrify                  Tmut/Erth      0%         N/A       100%        4
 Irradiate                Conj/Tmut      0%         3d13      100%        5
 Manifold Assault         Tloc           0%         N/A       100%        5
 Dispersal                Tloc           0%         N/A       100%        6
 Eringya's Noxious Bog    Tmut/Pois      0%         N/A       100%        6


Dungeon Overview and Level Annotations

Branches:
Dungeon (14/15)            Temple (1/1) D:6            Lair (6/6) D:10
 Shoals (0/4) Lair:2        Snake (0/4) Lair:3        Slime (0/5) Lair:5
    Orc (0/2) D:12         Vaults (0/5) D:14          Sewer (visited)
 Bailey (visited)

Altars:
Ashenzari
Cheibriados
Dithmenos
Elyvilon
Fedhas
Gozag
Hepliaklqana
Kikubaaqudgha
Makhleb
Nemelex Xobeh
Okawaru
Qazlal
Ru
Sif Muna
Trog
Uskayaw
Vehumet
Wu Jian
Xom
Yredelemnul
Zin
The Shining One
Beogh
Jiyva

Shops:
D:1 !=[(   D:3 (   D:7 *   D:8 *   D:13 :

Annotations:
D:7 Waht
Lair:1 2 transporters, Gilette's ghost, journeyman MiFi
Lair:2 2 transporters, exclusion: ice statue, Thargor's ghost, adept GnWn


Message History

The six-headed hydra bites you but does no damage. x2
The six-headed hydra bites you.
The six-headed hydra closely misses you.
The six-headed hydra bites you but does no damage.
The six-headed hydra barely misses you.
Unknown command.
You bludgeon the six-headed hydra!!
The six-headed hydra seems to grow stronger.
The six-headed hydra is moderately wounded.
The six-headed hydra bites you but does no damage.
The six-headed hydra bites you!
The six-headed hydra bites you but does no damage.
The six-headed hydra closely misses you.
The six-headed hydra bites you but does no damage.
The six-headed hydra bites you.
You barely miss the six-headed hydra.
The six-headed hydra is moderately wounded.
The six-headed hydra bites you but does no damage.
The six-headed hydra misses you.
The six-headed hydra bites you but does no damage.
The six-headed hydra bites you! The six-headed hydra barely misses you.
The six-headed hydra bites you but does no damage.
You sock the six-headed hydra!
The six-headed hydra seems to slow down.
You freeze the six-headed hydra.
The six-headed hydra is heavily wounded.
The six-headed hydra bites you!
The six-headed hydra bites you but does no damage. x4
The six-headed hydra closely misses you.
You thump the six-headed hydra!
The six-headed hydra flickers and vanishes!
Deactivating autopickup; reactivate with Ctrl-A.
Something bites you but does no damage. Something bites you!
* * * LOW HITPOINT WARNING * * *
Something bites you.
* * * LOW HITPOINT WARNING * * *
Something bites you!
* * * LOW HITPOINT WARNING * * *
Something bites you!!
You die...

..# #.#.##.# #..# ###
#.#.##.# #..# ##
#.#.##.###..#### .#
#.#.##.....^...# .#
#.#.####.##.##.# .#
##.#.# #.##.# #
.####..#.####.##.# .#
.##..............##.#
.##.#.##.#.#####@{..#
.##.#.##.#.# #.#..#
.##.#.##.#.# #....##
......##.#.# #.#...#
...........#####...#
.. ###.#.........(..#
. ## #...######.###.#
.# #....... #.# #.# #
#.#####.# #.# #.#


There were no monsters in sight!

Vanquished Creatures
  Gastronok (Lair:1)
  A hydra (D:13)
  Harold (D:8)
  A death knight (D:12)
  Erica (D:11)
  2 catoblepae
  3 centaur warriors
  A death yak (Lair:6)
  2 two-headed ogres
  A tengu warrior (D:14)
  Urug (D:12)
  Nergalle (D:10)
  Sonja (D:10)
  2 cyclopes
  2 manticores
  9 ugly things
  4 elephants (Lair:6)
  Maggie (D:8)
  A gargoyle (D:10)
  An unseen horror (D:11)
  2 cane toads
  A rime drake (Lair:6)
  A komodo dragon (Lair:4)
  An efreet (D:13)
  An ice devil (Lair:2)
  A troll (D:10)
  A polar bear (Lair:1)
  3 hornets
  A blink frog (Lair:1)
  Sigmund (D:5)
  2 vampires
  5 shadows
  9 yaks
  A wyvern (D:10)
  2 wraiths (D:11)
  A basilisk (shapeshifter) (D:11)
  A basilisk (Lair:1)
  A steam dragon (D:8)
  An acid dragon (D:8)
  A harpy simulacrum (D:9)
  7 water moccasins
  13 orc warriors
  A sky beast (D:7)
  2 black bears
  2 ogres
  8 wolves
  8 centaurs
  A necrophage (D:5)
  4 kobold brigands
  7 bullfrogs
  A scorpion (D:5)
  4 gnoll sergeants
  2 wyvern zombies
  12 wights
  4 electric eels
  3 howler monkeys
  4 centaur zombies
  A bullfrog zombie (D:6)
  2 bullfrog skeletons (D:7)
  4 hounds
  A jelly (D:6)
  2 orc priests
  5 iguanas
  3 orc wizards
  A hound zombie (D:5)
  Robin (D:3)
  A howler monkey zombie (D:11)
  21 gnolls
  5 adders
  8 river rats
  3 white imps
  An ufetubus (D:6)
  An adder skeleton (D:4)
  3 worms
  5 dart slugs
  22 orcs
  12 endoplasms
  6 giant cockroaches
  20 goblins
  13 hobgoblins
  10 jackals
  7 quokkas
  7 ball pythons
  2 bats (D:1)
  7 frilled lizards
  37 kobolds
  22 rats
  4 bushes
  15 fungi
  24 plants
433 creatures vanquished.

Vanquished Creatures (collateral kills)
  Jorgrun (D:14)
  A dire elephant (Lair:6)
  An ettin (D:14)
  A hydra (Lair:2)
  Fannar (Lair:1)
  A boulder beetle (D:13)
  2 two-headed ogres (D:12)
  2 centaur warriors
  2 death yaks (Lair:6)
  2 tengu warriors
  A deep troll shaman (Lair:6)
  An iron troll (D:14)
  A bog body (Lair:2)
  6 ugly things
  An oklob plant (Lair:5)
  19 elephants
  A centaur zombie (D:10)
  5 black mambas
  7 cane toads
  A guardian serpent (D:13)
  Psyche (D:12)
  2 rime drakes (Lair:6)
  An unseen horror (D:12)
  11 komodo dragons
  A kobold demonologist (D:12)
  A freezing wraith (D:14)
  An entropy weaver simulacrum (Lair:2)
  6 polar bears
  A meliai (shapeshifter) (D:13)
  A hornet (shapeshifter) (D:14)
  12 blink frogs
  A snapping turtle (Lair:2)
  A tarantella (shapeshifter) (D:14)
  4 wyverns
  19 yaks
  2 basilisks
  A steam dragon (D:10)
  14 water moccasins
  4 black bears
  4 orc warriors
  10 wolves
  4 centaurs
  2 bullfrogs (Lair:2)
  2 electric eels
  2 howler monkeys (D:14)
  3 orc priests (D:10)
  An iguana (D:12)
  2 orc wizards
  A wolf simulacrum (Lair:2)
  2 gnolls (D:13)
  A white imp (Lair:2)
  4 orcs (D:12)
  2 frilled lizards (D:12)
  16 bushes
  46 fungi
  71 plants
314 creatures vanquished.

Vanquished Creatures (others)
  5 orc warriors
  A polar bear (Lair:2)
  A centaur (D:5)
  A scorpion (D:5)
  2 orc wizards
  An orc priest (Lair:1)
  11 orcs
  128 fungi
  200 plants
350 creatures vanquished.

Grand Total: 1097 creatures vanquished

Notes
Turn   | Place    | Note
-------+----------+-------------------------------------------
     0 | D:1      | GenialerGandalf the Hill Orc Fighter began the quest for
                  | the Orb.
     0 | D:1      | Reached XP level 1. HP: 19/19 MP: 1/1
    81 | D:1      | Found Afausis's Armour Boutique.
    88 | D:1      | Reached XP level 2. HP: 26/27 MP: 2/2
   324 | D:1      | Reached skill level 3 in Axes
   384 | D:1      | Found Plog's Weapon Shoppe.
   540 | D:2      | Reached XP level 3. HP: 33/33 MP: 3/3
   886 | D:3      | Found Waqir's Weapon Shop.
   930 | D:2      | Reached XP level 4. HP: 10/40 MP: 4/4
  1887 | D:1      | Found Jiulul's Distillery.
  1887 | D:1      | Found a faded altar of an unknown god.
  1970 | D:1      | Found Naosu's Jewellery Shop.
  2511 | D:3      | Noticed a black bear
  2521 | D:3      | Killed a black bear
  2522 | D:3      | Reached skill level 5 in Axes
  2522 | D:3      | Reached XP level 5. HP: 19/47 MP: 5/5
  3128 | D:3      | Reached XP level 6. HP: 46/55 MP: 6/6
  3332 | D:3      | Found a basalt altar of Yredelemnul.
  3332 | D:3      | Found a shimmering blue altar of Sif Muna.
  3340 | D:3      | Found a hide-covered altar of Uskayaw.
  3345 | D:3      | Found a shadowy altar of Dithmenos.
  3347 | D:3      | Found a shimmering altar of Xom.
  3563 | D:3      | Noticed Robin
  3566 | D:3      | Reached skill level 5 in Fighting
  3578 | D:3      | Killed Robin
  4029 | D:4      | Reached skill level 6 in Axes
  4124 | D:4      | Found a glowing drain.
  4192 | Sewer    | Entered a sewer
  4606 | Sewer    | Found a white marble altar of Elyvilon.
  4868 | D:4      | Found an iron altar of Okawaru.
  5087 | D:4      | Reached skill level 7 in Axes
  5087 | D:4      | Reached XP level 7. HP: 45/61 MP: 7/7
  5322 | D:5      | Entered Level 5 of the Dungeon
  5689 | D:5      | Reached skill level 5 in Armour
  5710 | D:5      | Noticed a troll
  5739 | D:5      | Reached skill level 8 in Axes
  6026 | D:5      | Noticed Sigmund
  6035 | D:5      | Killed Sigmund
  6036 | D:5      | Reached skill level 9 in Axes
  6036 | D:5      | Reached XP level 8. HP: 62/70 MP: 8/8
  6169 | D:5      | Noticed a shadow
  6176 | D:5      | Killed a shadow
  6840 | D:5      | Became a worshipper of Beogh the Brigand
  6964 | D:5      | Reached skill level 10 in Axes
  7732 | D:6      | Reached XP level 9. HP: 45/79 MP: 9/9
  7907 | D:6      | Found a staircase to the Ecumenical Temple.
  7917 | Temple   | Entered the Ecumenical Temple
  8076 | D:6      | Found a white marble altar of Elyvilon.
  8126 | D:6      | Found an ancient bone altar of Kikubaaqudgha.
  8581 | D:6      | Reached skill level 11 in Axes
  9245 | D:7      | Reached * piety under Beogh
  9396 | D:7      | Found a flagged portal.
  9548 | Bailey   | Entered a bailey
 10026 | Bailey   | Reached skill level 12 in Axes
 10918 | Bailey   | Identified the ring "Fydiravi" {rElec rCorr Int+3}
 11213 | D:7      | Reached skill level 13 in Axes
 11227 | D:7      | Identified the +0 kite shield of the Hidden Vale {rC- Str+8
                  | Int+2}
 11253 | D:7      | Reached ** piety under Beogh
 11254 | D:7      | Reached XP level 10. HP: 34/90 MP: 10/10
 11591 | D:7      | Reached skill level 5 in Shields
 11985 | D:7      | Reached skill level 14 in Axes
 12410 | D:7      | Found Woiblyle's General Store.
 12804 | D:1      | Bought the +10 quarterstaff "GenialerGandalf's Death"
                  | {chaos, +Blink Str+2} for 1055 gold pieces
 13832 | D:8      | Noticed Maggie
 13845 | D:8      | Killed Maggie
 13992 | D:8      | Noticed a manticore
 14205 | D:8      | Noticed Harold
 14215 | D:8      | Killed Harold
 14216 | D:8      | Reached skill level 10 in Fighting
 14440 | D:8      | Found Satz's Assorted Antiques.
 14687 | D:8      | Reached skill level 15 in Axes
 14688 | D:8      | Paralysed by a hornet for 1 turns
 14701 | D:8      | HP: 4/93 [poisoned by a hornet]
 15096 | D:8      | Killed a manticore
 15097 | D:8      | Reached XP level 11. HP: 56/100 MP: 11/11
 15103 | D:8      | Paralysed by a hornet for 2 turns
 16144 | D:9      | Reached *** piety under Beogh
 16155 | D:9      | Noticed a two-headed ogre
 16234 | D:9      | Killed a two-headed ogre
 16294 | D:9      | Got the Papyrus of Transmigration
 17067 | D:9      | Identified the +7 hand axe of the Unspeakable One {drain,
                  | rElec rF- Int+3}
 17290 | D:9      | Paralysed by a hornet for 2 turns
 17705 | D:10     | Entered Level 10 of the Dungeon
 18120 | D:10     | Gained Horkud as an ally
 18784 | D:10     | Found a sacrificial altar of Ru.
 19158 | D:10     | Found a staircase to the Lair.
 19244 | D:10     | Noticed Nergalle
 19267 | D:10     | Your ally Horkud died
 19276 | D:10     | Killed Nergalle
 19678 | D:11     | Noticed Sonja
 19700 | D:10     | Killed Sonja
 19700 | D:10     | Reached **** piety under Beogh
 20011 | D:11     | Noticed a cyclops
 20085 | D:11     | Noticed a two-headed ogre
 20110 | D:11     | Killed a two-headed ogre
 20111 | D:11     | Reached skill level 16 in Axes
 20111 | D:11     | Reached skill level 10 in Armour
 20331 | D:7      | Bought the +1 pair of boots "Uxad" {Dex+3} for 296 gold
                  | pieces
 20745 | D:11     | Noticed Erica
 20760 | D:11     | Killed Erica
 20761 | D:11     | Reached XP level 12. HP: 97/110 MP: 12/12
 21078 | D:11     | Upgraded the game from 0.28-a0-1128-gb845255321 to
                  | 0.28-a0-1142-gc8569940dd
 21083 | D:11     | Noticed a centaur warrior
 21094 | D:11     | Killed a centaur warrior
 21302 | D:11     | Noticed a centaur warrior
 21316 | D:11     | Killed a centaur warrior
 21428 | D:12     | Noticed Urug
 21484 | D:12     | Noticed Psyche
 21488 | D:12     | Killed Urug
 21946 | D:12     | Identified the +6 hand crossbow of Ynlohij {vorpal, rC- rN+
                  | Str+3 Int+2}
 21950 | D:12     | Killed Psyche
 21950 | D:12     | Gained Borgoth as an ally
 22009 | D:12     | Noticed a two-headed ogre
 22016 | D:12     | Killed a two-headed ogre
 22077 | D:12     | Noticed a death knight
 22084 | D:12     | Noticed a two-headed ogre
 22088 | D:12     | Killed a death knight
 22092 | D:12     | Killed a two-headed ogre
 22805 | D:12     | Found a staircase to the Orcish Mines.
 22889 | D:12     | Found a roughly hewn altar of Beogh.
 24182 | Lair:1   | Entered Level 1 of the Lair of Beasts
 24221 | Lair:1   | Noticed Fannar
 24229 | Lair:1   | Killed Fannar
 24558 | Lair:1   | Found a transporter.
 24564 | Lair:1   | Found a transporter.
 24937 | Lair:1   | Reached skill level 1 in Maces & Flails
 25134 | Lair:1   | Noticed Gastronok
 25153 | Lair:1   | Killed Gastronok
 25154 | Lair:1   | Reached skill level 17 in Axes
 25377 | Lair:1   | Reached XP level 13. HP: 118/122 MP: 13/13
 26018 | Lair:1   | Noticed Gilette's ghost (journeyman MiFi)
 26237 | Lair:1   | Reached ***** piety under Beogh
 26728 | Lair:2   | Found a staircase to the Shoals.
 26796 | Lair:2   | Found a transporter.
 26799 | Lair:2   | Found a transporter.
 26811 | Lair:2   | Noticed Thargor's ghost (adept GnWn)
 27218 | Lair:2   | Gained Morun as an ally
 27428 | Lair:2   | Reached skill level 5 in Maces & Flails
 29405 | Lair:3   | Gained Morbeogh as an ally
 29511 | Lair:3   | Found a staircase to the Snake Pit.
 31688 | Lair:4   | Reached skill level 10 in Shields
 33138 | Lair:5   | Found a staircase to the Slime Pits.
 33138 | Lair:5   | Found a viscous altar of Jiyva.
 34411 | Lair:6   | Entered Level 6 of the Lair of Beasts
 35373 | Lair:6   | Reached XP level 14. HP: 130/130 MP: 14/14
 35778 | Lair:6   | Reached skill level 18 in Axes
 35790 | Lair:6   | Noticed a dire elephant
 35797 | Lair:6   | Killed a dire elephant
 35800 | Lair:6   | Found the macabre finger necklace {rN+}
 38368 | D:13     | Found Ciquc's Book Shop.
 39179 | D:13     | Reached skill level 1 in Invocations
 39464 | D:8      | Bought an ichor-stained shortbow for 184 gold pieces
 39464 | D:8      | Identified the +10 shortbow of the Shore {flame, rElec
                  | Int+4} (You bought it in a shop on level 8 of the Dungeon)
 39464 | D:8      | Bought a scroll labelled MOUQUA DUSUUKH for 23 gold pieces
 39658 | D:4      | Identified the +2 mace of Agony {vorpal, Str+4 Int+3}
 40524 | D:14     | Gained Zorug as an ally
 40529 | D:14     | Noticed Jorgrun
 40541 | D:14     | Killed Jorgrun
 41816 | D:14     | Found a gate to the Vaults.
 42059 | D:14     | You fall into a shaft and drop 1 floor!
 42059 | D:15     | Entered Level 15 of the Dungeon
 42357 | D:15     | Mangled by a six-headed hydra

Illustrated notes

Levels and vault maps discovered:
D:1:      eino_arrival_cavern_d, layout_rooms,
          hellmonk_ecumenical_altar_run_dry, serial_shops, shop,
          nicolae_shop_crystal, nicolae_shop_window_shopping,
          nicolae_shop_statue_plus, chequers_serial_rivers_small_3
D:2:      minmay_wonky_spiral, layout_rooms
D:3:      layout_basic, chequers_temple_overflow_minitemple, serial_shops, shop,
          uniq_robin
D:4:      layout_cave_pools, okawaru_ov_weapons_minmay, portal_sewer_entry_c,
          minivault_26, grunt_ministairs_10
D:5:      layout_basic, minmay_manual_mess, uniq_sigmund
D:6:      layout_basic, chequers_temple_overflow_statue_of_worship,
          minmay_temple_entry_glass
D:7:      layout_basic, enter_bailey_5, serial_shops, kennysheep_little_box
D:8:      layout_basic, serial_shops, shop, uniq_maggie, uniq_harold
D:9:      layout_roguey
D:10:     layout_long_grid, nicolae_ru_awakened_eye, erik_lair_island,
          dk_rats_in_the_wall, uniq_nergalle
D:11:     wad_cavern_with_rooms, layout_long_grid, uniq_erica, uniq_sonja
D:12:     layout_loops_ring, orc_0_dummy, special_room [special_room_orc],
          minmay_lizard_king, uniq_urug, uniq_psyche
D:13:     layout_basic, serial_shops, nicolae_shop_stone,
          nrook_guardian_serpent_ordinary
D:14:     layout_layer_cave, david_vaults_4, kennysheep_doodads, uniq_jorgrun
D:15:     grunt_enter_depths_hoard, layout_loops_ring, hangedman_decor_riveting,
          nicolae_burly_brawl
Temple:   dshaligram_water_room_temple
Lair:1:   layout_cave_pods, gammafunk_ghost_abyssal_escape,
          gammafunk_lair_bear_cave, uniq_fannar, uniq_gastronok
Lair:2:   dreamdust_isle_of_ice, layout_loops_ring, minmay_shoals_entry_hut,
          gammafunk_ghost_hive, st_stairs_12, chequers_serial_rivers_micro_e,
          grunt_megastairs_2, infiniplex_staircase_pool
Lair:3:   layout_cave_shapes, minmay_snake_entry_six_corridors
Lair:4:   layout_cave_pods, st_stairs_12
Lair:5:   layout_cave_pods, slime_altar_1
Lair:6:   grunt_lair_end_beastmaster, layout_regular_city, serial_bayou,
          serial_bayou_pond_e, serial_bayou_lagoon_a, serial_bayou_crossing,
          serial_bayou_shore_a, serial_bayou_pond_e

Skill      XL: |  1  2  3  4  5  6  7  8  9 10 11 12 13 14 |
---------------+-------------------------------------------+-----
Fighting       | 4 5 6 7 8 10 11 13 14 | 14.5
Axes           | 3 5 7 9 10 13 15 16 17 18 | 18.1
Armour         | 4 5 6 7 8 10 11 12 13 | 13.5
Shields        | 4 6 7 9 10 11 | 11.7
Maces & Flails | 3 7 8 |  8.0
Invocations    | 3 |  3.5
Long Blades    | |  0.7
Spellcasting   | |  0.2

Action                   |  1- 3 |  4- 6 |  7- 9 | 10-12 | 13-15 || total
-------------------------+-------+-------+-------+-------+-------++-------
Melee: War axe           |    51 |   281 |   421 |   203 |       ||   956
       Hand axe          |       |       |       |   292 |   110 ||   402
       Morningstar       |       |       |       |    70 |  1495 ||  1565
       Scimitar          |       |       |       |       |    40 ||    40
       Quarterstaff      |       |       |       |       |     7 ||     7
Invok: Convert to Beogh  |       |       |     1 |       |       ||     1
       Recall Orcish Fol |       |       |       |     1 |     3 ||     4
       Give Item to Name |       |       |       |       |     1 ||     1
Evoke: Wand              |       |       |     6 |     6 |       ||    12
  Use: Scroll            |       |    10 |    10 |    10 |     6 ||    36
       Potion            |       |       |     5 |     4 |     3 ||    12
 Stab: Distracted        |       |       |       |       |     4 ||     4
Armor: Scale mail        |    22 |   147 |   152 |    20 |       ||   341
       Chain mail        |       |       |       |    56 |       ||    56
       Plate armour      |       |       |       |   192 |   272 ||   464
Dodge: Dodged            |    38 |   169 |   257 |   212 |   194 ||   870
Block: Buckler           |     8 |    71 |    96 |       |       ||   175
       Kite shield       |       |       |       |   242 |   253 ||   495

Table legend: (Time is in decaauts)
 A = Elapsed time spent in this place.
 B = Non-inter-level travel time spent in this place.
 C = Inter-level travel time spent in this place.
 D = Time resting spent in this place.
 E = Time spent auto-exploring this place.
 F = Levels seen in this place.
 G = Mean time per level.
                   A        B        C        D        E       F      G
               +--------+--------+--------+--------+--------+-----+--------+
         Total |  42569 |  38744 |   3825 |  12065 |   5095 |  24 | 1773.7 |
       Dungeon |  26889 |  24152 |   2737 |   7803 |   3597 |  15 | 1792.6 |
        Temple |    145 |    145 |      0 |      0 |      0 |   1 |  145.0 |
          Lair |  13236 |  12148 |   1088 |   3211 |   1457 |   6 | 2206.0 |
         Sewer |    703 |    703 |      0 |    176 |     41 |   1 |  703.0 |
        Bailey |   1594 |   1594 |      0 |    875 |      0 |   1 | 1594.0 |
               +--------+--------+--------+--------+--------+-----+--------+

Top non-repeatable levels by time:
  Lair:2: 2907 daAuts
  Lair:6: 2802 daAuts
     D:8: 2779 daAuts
    D:10: 2530 daAuts
     D:7: 2496 daAuts
  Lair:1: 2269 daAuts
    D:12: 2081 daAuts
     D:6: 2028 daAuts
     D:5: 2026 daAuts
    D:13: 1888 daAuts
  Lair:3: 1873 daAuts
    D:14: 1862 daAuts
     D:9: 1781 daAuts
  Lair:4: 1757 daAuts
     D:3: 1750 daAuts
